 Dungeon Crawl Stone Soup version 0.19.0-19-g8c6edcc (webtiles) character file.

145 Monkfish the Cutter (level 5, 0/40 HPs)
             Began as a Kobold Berserker on Nov 12, 2016.
             Was a Believer of Trog.
             Killed from afar by Natasha (6 damage)
             ... with a magic dart
             ... on level 4 of the Dungeon.
             The game lasted 00:03:08 (2259 turns).

Monkfish the Cutter (Kobold Berserker)              Turns: 2259, Time: 00:03:09

Health: 0/40       AC:  4    Str: 15    XL:     5   Next: 53%
Magic:  5/5        EV: 16    Int:  8    God:    Trog [**....]
Gold:   277        SH:  0    Dex: 15    Spells: 0 memorised, 4 levels left

rFire  . . .     SeeInvis .     s - +2 short sword (venom)
rCold  . . .     Gourm    .     b - +1 animal skin
rNeg   . . .     Faith    .     (shield restricted)
rPois  .         Spirit   .     m - +0 helmet
rElec  .         Reflect  .     (no cloak)
rCorr  .         Harm     .     (no gloves)
MR     .....                    (no boots)
Stlth  ++........               (no amulet)
                                (no ring)
                                (no ring)

@: lethally poisoned (0 -> -3), exhausted, slowed, very slow
A: carnivore 3, robust 2, MP-powered wands
a: Berserk, Trog's Hand, Burn Spellbooks, Renounce Religion


You were on level 4 of the Dungeon.
You worshipped Trog.
Trog was pleased with you.
You were full.

You visited 1 branch of the dungeon, and saw 4 of its levels.

You collected 277 gold pieces.

Inventory:

Hand Weapons
 a - a +1 short sword
 d - a cursed -2 dagger
 s - a +2 short sword of venom (weapon)
Armour
 b - a +1 animal skin (worn)
 m - a +0 helmet (worn)
 o - a +0 scale mail of cold resistance
Jewellery
 g - a cursed -5 ring of protection {unknown}
 l - an uncursed ring of see invisible {unknown}
 q - an uncursed amulet of regeneration {unknown}
Wands
 e - a wand of disintegration (20/24)
Scrolls
 h - a scroll of magic mapping
 i - a scroll of recharging
 t - a scroll of teleportation {unknown}
Potions
 n - a potion of lignification {unknown}
Books
 j - a book of Callings

   Spells                             Type                      Level
   a - Summon Small Mammal            Summoning                    1
   b - Call Imp                       Summoning                    2
   c - Call Canine Familiar           Summoning                    3
   d - Summon Guardian Golem          Hexes/Summoning              3
   e - Summon Lightning Spire         Summoning/Air                4
   f - Summon Ice Beast               Ice/Summoning                4
   Trog disapproves of the use of such an item.
Comestibles
 c - 2 meat rations
 f - a royal jelly
 p - 2 beef jerkies


   Skills:
 + Level 4.3 Fighting
 + Level 5.4 Short Blades
 - Level 1.5 Armour
 + Level 3.2 Dodging
 * Level 3.4 Stealth


You had 4 spell levels left.
You didn't know any spells.

Dungeon Overview and Level Annotations

Branches:
Dungeon (4/15)
 Temple: D:4-7

Altars:
Dithmenos
Nemelex Xobeh

Annotations:
D:4 Natasha


Innate Abilities, Weirdness & Mutations

You are small and have problems with some larger weapons.
You are carnivorous and can eat meat at any time.
You are very robust. (+20% HP)
You expend magic power (3 MP) to strengthen your wands.


Message History

You feel better.
You kill the orc!
Trog accepts your kill. The adder bites you. Natasha barely misses you.
The adder misses you.
The orc wizard gestures at you while chanting.
The magic dart hits you! Natasha misses you.
It was a potion of mutation.
You feel extremely strange.
You feel your magical essence link to your wands.
You feel robust. x2
Your skin stops crawling.
You feel less resistant to hostile enchantments.
The adder bites you.
* * * LOW HITPOINT WARNING * * *
You are poisoned.
The adder poisons you! The shadow imp hits you.
* * * LOW HITPOINT WARNING * * *
The crimson imp closely misses you. The adder completely misses you.
Natasha stares at you and mumbles some strange words.
The magic dart hits you!
You die...

...... .# .%.... ..
#.#..##.# #.....!.
...... .. #...# ..#
#.))########.#
##.).S........#
#....5@5.....#
#....h..o....#
...............##
#.#.#.#.$.......# #
#.#...........######
#
#..................
#...........#####..
#...........# #..
#.########..## #..##


You could see an orc wizard, Natasha, a crimson imp, an adder and a shadow imp.

Vanquished Creatures
  A hound skeleton (D:4)
  4 adders
  2 oozes (D:1)
  2 worms
  2 dart slugs (D:1)
  A leopard gecko (D:2)
  4 orcs (D:4)
  A giant cockroach (D:1)
  11 goblins
  8 hobgoblins
  10 jackals
  9 kobolds
  A quokka (D:4)
  2 ball pythons (D:3)
  5 bats
  2 frilled lizards
  2 rats (D:1)
67 creatures vanquished.

Notes
Turn   | Place    | Note
-------+----------+-------------------------------------------
     0 | D:1      | Monkfish the Kobold Berserker began the quest for the Orb.
     0 | D:1      | Reached XP level 1. HP: 14/14 MP: 1/1
    70 | D:1      | Reached skill level 1 in Stealth
   127 | D:1      | Reached XP level 2. HP: 9/19 MP: 2/2
   230 | D:1      | Reached XP level 3. HP: 13/23 MP: 3/3
   862 | D:1      | Reached XP level 4. HP: 18/29 MP: 4/4
   956 | D:2      | Reached ** piety under Trog
  1041 | D:2      | Reached skill level 5 in Short Blades
  1849 | D:3      | Reached XP level 5. HP: 27/33 MP: 5/5
  1930 | D:3      | Found a shadowy altar of Dithmenos.
  2161 | D:4      | Found a sparkling altar of Nemelex Xobeh.
  2161 | D:4      | Noticed a wraith
  2162 | D:4      | Noticed a phantom
  2236 | D:4      | Noticed Natasha
  2259 | D:4      | Gained mutation: You expend magic power (3 MP) to strengthen your wands. [potion of mutation]
  2259 | D:4      | Gained mutation: You are robust. (+10% HP) [potion of mutation]
  2259 | D:4      | Gained mutation: You are very robust. (+20% HP) [potion of mutation]
  2259 | D:4      | Killed from afar by Natasha

Skill      XL: |  1  2  3  4  5 |
---------------+----------------+-----
Stealth        | 1 2 3 |  3.4
Fighting       | 4 |  4.3
Short Blades   | 5 |  5.4
Dodging        | 3 |  3.2
Armour         | |  1.5

Action                   |  1- 3 |  4- 6 || total
-------------------------+-------+-------++-------
Melee: Short sword       |   114 |   102 ||   216
Invok: Berserk           |     1 |     2 ||     3
       Trog's Hand       |       |     1 ||     1
  Use: Scroll            |       |     9 ||     9
       Potion            |       |     6 ||     6
 Stab: Sleeping          |     4 |     3 ||     7
       Distracted        |       |     1 ||     1
  Eat: Chunk             |     6 |     6 ||    12
Armor: Animal skin       |    11 |    18 ||    29
Dodge: Dodged            |    65 |    91 ||   156
